 Dungeon Crawl Stone Soup version 0.28-a0-1404-g4df0f3684d (webtiles) character file.

Game seed: 8704460835125381640

151 lonewolfV2 the Covered (level 5, 0/47 HPs)
             Began as a Minotaur Fighter on Jan 5, 2022.
             Slain by Sigmund (5 damage)
             ... on level 3 of the Dungeon.
             The game lasted 00:03:27 (2226 turns).

lonewolfV2 the Covered (Minotaur Fighter)           Turns: 2226, Time: 00:03:27

Health: 0/47       AC:  7    Str: 23    XL:     5   Next: 11%
Magic:  4/4        EV:  9    Int:  5    God:
Gold:   61         SH:  0    Dex:  9    Spells: 4/4 levels left

rFire   . . .      SeeInvis .   a - +0 war axe
rCold   . . .      Faith    .   g - orb {*Rage}
rNeg    . . .      Spirit   .   b - +0 scale mail
rPois   .          Reflect  .   (helmet restricted)
rElec   .          Harm     .   (no cloak)
rCorr   .          Rampage  .   (no gloves)
Will    .....      Rage     20% (no boots)
Stlth   ..........              (no amulet)
HPRegen 0.15/turn               (no ring)
MPRegen 0.09/turn               (no ring)

@: hasted, very quick
A: horns 2, retaliatory headbutt
a: no special abilities


You were on level 3 of the Dungeon.
You visited 1 branch of the dungeon, and saw 3 of its levels.

You collected 61 gold pieces.

Inventory:

Hand Weapons
 a - a +0 war axe (weapon)
Armour
 b - a +0 scale mail (worn)
 c - a +0 buckler
 g - an orb of wrath (worn)
Scrolls
 e - a scroll of fog
 i - 2 scrolls of amnesia
 j - a scroll of magic mapping {unknown}
 k - a scroll of noise {unknown}
 l - 2 scrolls of blinking {unknown}
Potions
 d - 2 potions of might
 f - 2 potions of lignification
 m - 2 potions of curing {unknown}


   Skills:
 + Level 4.4 Fighting
 + Level 4.2 Axes
 + Level 5.1 Armour
 + Level 4.1 Shields


You had 4 spell levels left.
You didn't know any spells.
Your spell library contained the following spells:

 Spells                   Type           Power      Damage    Failure   Level
 Gell's Gravitas          Tloc           0%         N/A       98%         3
 Lesser Beckoning         Tloc           0%         N/A       98%         3
 Stone Arrow              Conj/Erth      0%         3d7       98%         3
 Teleport Other           Tloc           0%         N/A       98%         3
 Animate Armour           Summ/Erth      0%         N/A       100%        4
 Lehudib's Crystal Spear  Conj/Erth      0%         10d2      100%        8


Dungeon Overview and Level Annotations

Branches:
Dungeon (3/15)

Altars:

Annotations:
D:3 Sigmund


Innate Abilities, Weirdness & Mutations

You have a pair of horns on your head.
You reflexively headbutt those who attack you in melee.


Message History

You recover from your berserk rage.
Found an escape hatch in the floor.
There is an escape hatch in the floor here.
A bat and Sigmund come into view.
Sigmund is wielding a +0 vorpal scythe and carrying a wand of flame (19).
Found an escape hatch in the ceiling.
Sigmund shouts!
The bat moves out of view.
Sigmund is nearby!
Found 18 gold pieces.
Found a stone staircase leading down.
The bat hits you but does no damage. x2
Sigmund casts a spell.
Sigmund flickers and vanishes!
Deactivating autopickup; reactivate with Ctrl-A.
You slash the bat!
You kill the bat!
Something hits you.
You hear some strange, mumbled words.
Something tries to affect you, but you resist.
You miss something. Your headbutt misses something. Something hits you!
You miss something.
You hear a zap.
A puff of flame appears from out of thin air!
The puff of flame hits you.
You barely miss something. Your headbutt misses something.
You hear a zap.
A puff of flame appears from out of thin air!
The puff of flame hits you.
You slash something! Your headbutt misses something.
An adder comes into view.
Something hits you.
You miss something. You headbutt something!
You hear a zap.
A puff of flame appears from out of thin air!
The puff of flame hits you!
* * * LOW HITPOINT WARNING * * *
You closely miss something. Your headbutt misses something. Something hits you.
* * * LOW HITPOINT WARNING * * *
x2 It was a potion of haste.
You feel yourself speed up. Something hits you.
You die...

......########## #.##.#
#. .##..#####
...######.##.# #.
..........)
...>........# #.
.#...#####. ##........#
#. ......... ......#...
#. .#.###### #.........
#. ..... #..<. #. ##....
#.S{###.# #######.
#####.# #@....# #.......
#
$.#.###.#########.######
............>.......#
.##..##.#########.#.# ##
#.# #...# #.# #.### #.#
### #.# ..#


You could see an adder.

Vanquished Creatures
  An orc priest (D:3)
  4 gnolls (D:2)
  3 adders
  A worm (D:2)
  A dart slug (D:2)
  3 orcs (D:3)
  4 ball pythons
  8 endoplasms
  3 giant cockroaches (D:2)
  A goblin (D:1)
  4 hobgoblins
  2 jackals (D:3)
  A quokka (D:2)
  5 bats
  4 frilled lizards
  3 kobolds
  3 rats
51 creatures vanquished.

Vanquished Creatures (others)
  5 plants (D:1)
5 creatures vanquished.

Grand Total: 56 creatures vanquished

Notes
Turn   | Place    | Note
-------+----------+-------------------------------------------
     0 | D:1      | lonewolfV2 the Minotaur Fighter began the quest for the
                  | Orb.
     0 | D:1      | Reached XP level 1. HP: 19/19 MP: 0/0
   344 | D:1      | Reached XP level 2. HP: 21/27 MP: 1/1
   506 | D:1      | Reached skill level 4 in Armour
   740 | D:1      | Found a faded altar of an unknown god.
   967 | D:2      | Reached XP level 3. HP: 18/33 MP: 2/2
  1130 | D:2      | Reached XP level 4. HP: 41/41 MP: 3/3
  2048 | D:3      | Reached skill level 5 in Armour
  2050 | D:3      | Reached XP level 5. HP: 47/47 MP: 4/4
  2215 | D:3      | Noticed Sigmund
  2226 | D:3      | Slain by Sigmund

Illustrated notes

Levels and vault maps discovered:
D:1:      denvon_arrival_waterhouse, layout_rooms,
          shapermc_ecumenical_altar_mp_ritualfount
D:2:      layout_loops_ring, chequers_serial_rivers_marsh,
          amcnicky_mini_rare_corridor_liquid, kennysheep_cross_room,
          kennysheep_cross_bottleneck
D:3:      layout_basic, uniq_sigmund

Skill      XL: |  1  2  3  4 |
---------------+-------------+-----
Armour         | 4 5 |  5.1
Shields        | 4 |  4.1
Fighting       | 4 |  4.4
Axes           | 3 4 |  4.2

Action                   |  1- 3 |  4- 6 || total
-------------------------+-------+-------++-------
Melee: War axe           |    44 |    58 ||   102
       Headbutt          |    11 |     5 ||    16
  Use: Scroll            |     3 |       ||     3
       Potion            |       |     1 ||     1
Armor: Scale mail        |    25 |    37 ||    62
Dodge: Dodged            |    24 |    31 ||    55
Block: Buckler           |     2 |       ||     2

Table legend: (Time is in decaauts)
 A = Elapsed time spent in this place.
 B = Non-inter-level travel time spent in this place.
 C = Inter-level travel time spent in this place.
 D = Time resting spent in this place.
 E = Time spent auto-exploring this place.
 F = Levels seen in this place.
 G = Mean time per level.
                   A        B        C        D        E       F      G
               +--------+--------+--------+--------+--------+-----+--------+
         Total |   2334 |   2277 |     57 |      0 |   1809 |   3 |  778.0 |
       Dungeon |   2334 |   2277 |     57 |      0 |   1809 |   3 |  778.0 |
               +--------+--------+--------+--------+--------+-----+--------+

Top non-repeatable levels by time:
     D:2: 1134 daAuts
     D:1: 908 daAuts
     D:3: 291 daAuts
